 Dungeon Crawl Stone Soup version 0.29.1-2-gbd0b4ee654 (webtiles) character file.

Game seed: 4153558403590976568

24 cdecastro the Gusty (level 3, 19/19 HPs)
             Began as a Tengu Air Elementalist on Nov 8, 2022.
             Was a Follower of Cheibriados.
             Got out of the dungeon alive.
             The game lasted 00:02:00 (1381 turns).

cdecastro the Gusty (Tengu Air Elementalist)        Turns: 1381, Time: 00:02:00

Health: 19/19      AC:  2    Str: 10    XL:     3   Next: 2%
Magic:  7/7        EV: 12    Int: 19    God:    Cheibriados [*.....]
Gold:   32         SH:  0    Dex: 16    Spells: 3/6 levels left

rFire   . . .      SeeInvis .   c - +0 dagger
rCold   . . .      Faith    .   (no shield)
rNeg    . . .      Spirit   .   a - +0 robe
rPois   .          Reflect  .   (helmet restricted)
rElec   .          Harm     .   (no cloak)
rCorr   .          Rampage  .   (no gloves)
Will    .....                   (boots unavailable)
Stlth   ++........              (no amulet)
HPRegen 0.06/turn               (no ring)
MPRegen 0.10/turn               (no ring)

@: very slow
A: beak, talons 3
a: Renounce Religion, Bend Time


You escaped.
You worshipped Cheibriados.
Cheibriados was aware of your devotion.
You visited 1 branch of the dungeon, and saw 1 of its levels.

You collected 32 gold pieces.

Inventory:

Hand Weapons
 c - a +0 dagger (weapon)
Armour
 a - a +0 robe (worn)
 f - a +0 pair of gloves
Scrolls
 e - 6 scrolls of identify {unknown}
Potions
 b - a potion of magic
 d - a potion of lignification {unknown}
 g - a potion of degeneration {unknown}


   Skills:
 - Level 2.1 Dodging
 - Level 2.0 Stealth
 - Level 2.0 Spellcasting
 + Level 3.7 Conjurations
 - Level 4.1 Air Magic


You had 3 spell levels left.
You knew the following spells:

 Your Spells              Type           Power      Damage    Failure   Level
a - Shock                 Conj/Air       64%        1d7       3%          1
b - Static Discharge      Conj/Air       16%        3-5/arc   4%          2

Your spell library contained the following spells:

 Spells                   Type           Power      Damage    Failure   Level
 Swiftness                Air            17%        N/A       10%         3
 Airstrike                Air            8%         2d(2-18)  30%         4


Dungeon Overview and Level Annotations

Branches:
Dungeon (1/15)

Altars:
Cheibriados


Innate Abilities, Weirdness & Mutations

You have a beak for a mouth.
You have claws for feet.


Message History

A ball python is nearby!
A ball python is nearby!
Aiming: Shock (safe; 3% risk of failure)
Press: ? - help, Q - select action, (/) - cycle Shift-Dir - straight line, f - ball python
Aim: a ball python (asleep, 100% to hit)
The zap hits the ball python.
The ball python is moderately wounded.
The ball python hisses angrily.
Aiming: Shock (safe; 3% risk of failure)
Press: ? - help, Q - select action, (/) - cycle Shift-Dir - straight line, f/p - ball python
Aim: a ball python (moderately wounded, 68% to hit)
The zap hits the ball python.
The ball python is severely wounded.
Unknown command.
Aiming: Shock (safe; 3% risk of failure)
Press: ? - help, Q - select action, (/) - cycle Shift-Dir - straight line, f/p - ball python
Aim: a ball python (severely wounded, 68% to hit)
The zap hits the ball python.
You kill the ball python!
Unknown command.
There is an open door here.
Key pressed, stopping explore.
Done exploring.
Done exploring.
Done exploring.
Done exploring.
There is a fountain of sparkling water here.
There is a faded altar of an unknown god here.
You cannot tell which god this altar belongs to.
Convert to them anyway?
Okay, then.
You cannot tell which god this altar belongs to.
Convert to them anyway?
Cheibriados accepts your prayer! Cheibriados welcomes you!
Cheibriados begins to support your attributes as your movement slows.
Cheibriados is now slowing the effects of poison on you.
You can now bend time to slow others.
Cheibriados raises the support of your attributes as your movement slows.
There is a staircase leading out of the dungeon here.
Are you sure you want to leave the Dungeon?
This will make you lose the game!
You have escaped!

###.######..###.############.#...
..#.# #..# #.# #..##. #.#.# #..#
#.## ##.... ..#.######..# #..##
##### ##...
..#.##......###...###...### #.#.
.##.##.###.##.............# #.#.
.##.##.###.##.............####.##
.##......#.#...###...###.........
.........#.....#@......#....#####
#........#.#.).#.......#....#
.........#.##.............#.# #
#........#.##......#......#.# #
.........#.##.............#.# #
.........#.#...#.......#....# #
.........#.#...#......>#....#####
.#...###.#.#...###...###.........
.#...# #.#.##.............#######


There were no monsters in sight!

Vanquished Creatures
  A dart slug (D:1)
  3 ball pythons (D:1)
  A bat (D:1)
  3 endoplasms (D:1)
  2 goblins (D:1)
  2 hobgoblins (D:1)
  2 quokkas (D:1)
  A frilled lizard (D:1)
  2 kobolds (D:1)
  3 rats (D:1)
20 creatures vanquished.

Notes
Turn   | Place    | Note
-------+----------+-------------------------------------------
     0 | D:1      | cdecastro the Tengu Air Elementalist began the quest for
                  | the Orb.
     0 | D:1      | Reached XP level 1. HP: 10/10 MP: 4/4
   303 | D:1      | Reached XP level 2. HP: 15/15 MP: 0/6
   382 | D:1      | Learned a level 2 spell: Static Discharge
   478 | D:1      | Found a faded altar of an unknown god.
  1037 | D:1      | Reached XP level 3. HP: 19/19 MP: 2/7
  1355 | D:1      | Prayed at the altar of an unknown god.
  1355 | D:1      | Became a worshipper of Cheibriados the Contemplative
  1355 | D:1      | Reached * piety under Cheibriados
  1381 | D:$      | Got out of the dungeon alive.

Illustrated notes

Levels and vault maps discovered:
D:1:      minmay_arrival_open_corners, layout_basic,
          shapermc_ecumenical_altar_totnotflames

Skill      XL: |  1  2 |
---------------+-------+-----
Conjurations   | 2 3 |  3.7
Dodging        | |  2.1
Stealth        | |  2.0
Spellcasting   | |  2.0
Air Magic      | |  4.1

Action                   || total
-------------------------++-------
Melee: Dagger            ||     2
       Kick              ||     1
 Cast: Shock             ||    38
Dodge: Dodged            ||     2
